 Dungeon Crawl Stone Soup version 0.20-a0-1016-g241539b (webtiles) character file.

897 Denreik the Protected (level 8, -2/62 HPs)
             Began as a Formicid Chaos Knight on Apr 16, 2017.
             Slain by an orc warrior
             ... wielding a cursed +0 short sword
              (12 damage)
             ... on level 7 of the Dungeon.
             The game lasted 00:37:17 (4435 turns).

Denreik the Protected (Formicid Chaos Knight)       Turns: 4435, Time: 00:37:18

Health: -2/62      AC: 26    Str: 19      XL:     8   Next: 28%
Magic:  8/8        EV:  6    Int: 11 (12) God:    Xom [......]
Gold:   51         SH:  0    Dex: 12 (13) Spells: 7/7 levels left

rFire    . . .     SeeInvis +   S - +2 glaive (protect)
rCold    . . .     Gourm    .   (no shield)
rNeg     . . .     Faith    .   z - +0 plate armour
rPois    .         Spirit   .   (helmet unavailable)
rElec    .         Reflect  .   i - +0 cloak
rCorr    .         Harm     .   A - +0 pair of gloves {Dex+3}
MR       .....                  (no boots)
Stlth    ..........             q - amulet of magic regeneration
Regen    0.0/turn               l - ring of teleportation (curse)
MPRegen  0.2/turn               G - ring of flight

@: protection aura
A: permanent stasis, dig shafts and tunnels, four strong arms, antennae 3, icy
blue scales 2, deterioration 1, inhibited regeneration
a: Dig, Shaft Self, Renounce Religion, Evoke Flight


You were on level 7 of the Dungeon.
You worshipped Xom.
You were a very special plaything of Xom.
You were very hungry.

You visited 2 branches of the dungeon, and saw 7 of its levels.

You collected 268 gold pieces.
You spent 217 gold pieces at shops.

Inventory:

Hand Weapons
 a - a +0 spear of chaos
 b - a +0 hunting sling
 p - a +0 club
 D - a +0 great sword
 M - a +0 blowgun
 S - a +2 glaive of protection (weapon)
Missiles
 r - 182 stones (quivered)
 s - 48 sling bullets
 N - 39 bolts
Armour
 e - a +0 scale mail
 i - a +0 cloak (worn)
 j - a +0 chain mail
 u - a +2 leather armour
 v - a +0 cloak
 y - a +0 chain mail
 z - a +0 plate armour (worn)
 A - a +0 pair of gloves of dexterity (worn)
Magical Staves
 O - an uncursed staff of fire {unknown}
Jewellery
 l - a cursed ring of teleportation (left hand)
 q - an amulet of magic regeneration (around neck)
 C - an uncursed ring of fire
 G - a ring of flight (right hand)
Wands
 B - a wand of polymorph (9/24)
 H - a wand of disintegration (9/24)
 Q - a wand of iceblast (5/15)
Scrolls
 d - 4 scrolls of identify {unknown}
 g - 5 scrolls of teleportation {unknown}
 n - 4 scrolls of remove curse {unknown}
 o - 2 scrolls of enchant armour {unknown}
 w - a scroll of enchant weapon {unknown}
 x - 2 scrolls of blinking {unknown}
 E - 2 scrolls of random uselessness {unknown}
 I - a scroll of recharging {unknown}
 L - a scroll of noise {unknown}
 R - 3 scrolls of amnesia {unknown}
Potions
 f - a potion of haste
 h - a potion of curing
 k - a potion of berserk rage {unknown}
 m - a potion of degeneration {unknown}
 t - 2 potions of brilliance {unknown}
 J - a potion of invisibility {unknown}
 K - a potion of mutation {unknown}
Comestibles
 c - 4 bread rations
 F - 2 royal jellies
 P - a meat ration


   Skills:
 - Level 5.0 Fighting
 - Level 3.2 Polearms
 * Level 9.1 Armour
 - Level 1.0 Dodging


You had 7 spell levels left.
You didn't know any spells.

Dungeon Overview and Level Annotations

Branches:
Dungeon (6/15)             Temple (1/1) D:5

Altars:
Ashenzari
Cheibriados
Dithmenos
Elyvilon
Fedhas
Gozag
Hepliaklqana
Kikubaaqudgha
Makhleb
Nemelex Xobeh
Okawaru
Qazlal
Ru
Sif Muna
Trog
Uskayaw
Vehumet
Wu Jian
Xom
Yredelemnul
Zin
The Shining One

Shops:
D:5 %   D:7 (

Annotations:
D:2 1 runed door
D:5 Prince Ribbit; emsyzz's ghost, novice DEFE


Innate Abilities, Weirdness & Mutations

You cannot be hasted, slowed, berserked, paralysed or teleported.
You can dig through walls and to a lower floor.
Your four strong arms can wield two-handed weapons with a shield.
You have a pair of large antennae on your head. (SInv)
You are mostly covered in icy blue scales. (AC +3)
Your body sometimes deteriorates upon taking damage.
You do not regenerate when monsters are visible.


Message History

Beogh smites you!
* * * LOW HITPOINT WARNING * * *
The orc wizard begins to cast a cantrip, but forgets the words!
You extend your mandibles.
You dig through the rock wall.
The orc wizard mumbles some strange words.
The orc wizard flickers and vanishes for a moment.
You dig through the rock wall.
You retract your mandibles.
You hit the orc warrior.
Your weapon exudes an aura of protection.
The orc warrior is lightly wounded.
The orc warrior hits you with a short sword.
* * * LOW HITPOINT WARNING * * *
You hit the orc warrior.
The orc warrior is moderately wounded.
The orc warrior hits you with a short sword.
* * * LOW HITPOINT WARNING * * *
The orc warrior hits you with a short sword!
You die...
Xom bursts into laughter!

#.#.......##.######..##.#)#.#
#........###.# ##....##.#.#.#
.#.....## #.# #..........#.#
##.###...####.####..#.#..#.#.#
..>........................#.#
##.####.##########....#.......
#.# ##.# #............
##.###)### #............
#...%)##@## #....###...##
#..##.###o###(....###....
#.∩##.# ##oo.{o........##
#..##.# #o##.##.####.###
#..##.####.##.# ## #.. #
#........#.##.#... ... #
#..##............. ..#. #
#..##)##.#.##.######. #
#..##.##.#.##.# #


You could see an orc warrior, an orc wizard (invisible) and 2 orcs.

Vanquished Creatures
  An orc warrior (D:4)
  A phantom (D:5)
  A centaur (D:5)
  A big kobold (D:7)
  A scorpion (D:6)
  A howler monkey (D:7)
  A crimson imp (D:5)
  3 hounds
  A centaur skeleton (D:7)
  An orc wizard (D:5)
  3 worker ants
  A hound skeleton (D:6)
  4 gnolls (D:4)
  A gnoll (shapeshifter) (D:2)
  10 adders
  A shadow imp (D:7)
  An ooze (D:4)
  2 worms
  3 dart slugs
  2 leopard geckos
  9 orcs
  3 bats (D:1)
  A giant cockroach (D:1)
  8 goblins
  4 hobgoblins
  15 kobolds
  2 frilled lizards
  A rat (shapeshifter) (D:1)
  9 rats
92 creatures vanquished.

Notes
Turn   | Place    | Note
-------+----------+-------------------------------------------
     0 | D:1      | Denreik the Formicid Chaos Knight began the quest for the Orb.
     0 | D:1      | Reached XP level 1. HP: 18/18 MP: 1/1
     2 | D:1      | Noticed a merfolk
     2 | D:1      | Noticed a vampire
     4 | D:1      | Noticed an ogre
     4 | D:1      | Noticed a vine stalker
     6 | D:1      | Noticed a dwarf
     6 | D:1      | Noticed an octopode
     8 | D:1      | Noticed an elf
    10 | D:1      | Noticed a demigod
    12 | D:1      | Noticed a naga
    12 | D:1      | Noticed a halfling
    14 | D:1      | Noticed a centaur
    14 | D:1      | Noticed a human
    16 | D:1      | Noticed a gargoyle
    18 | D:1      | Noticed a minotaur
    18 | D:1      | Noticed a draconian
    24 | D:1      | Noticed a tengu
    24 | D:1      | Noticed a troll
    27 | D:1      | Noticed a formicid
    29 | D:1      | Noticed a ghoul
    29 | D:1      | Noticed a spriggan
    33 | D:1      | Noticed a felid
    33 | D:1      | Noticed a demonspawn
   227 | D:1      | Reached XP level 2. HP: 24/24 MP: 2/2
   233 | D:1      | XOM: divination: detect creatures
   548 | D:1      | Reached XP level 3. HP: 29/30 MP: 3/3
   702 | D:1      | XOM: divination: magic mapping
   776 | D:1      | You fall through a shaft!
   900 | D:2      | Reached XP level 4. HP: 11/38 MP: 4/4
   910 | D:2      | XOM: silly message
   991 | D:2      | XOM: cloud trail
  1202 | D:2      | Reached skill level 5 in Fighting
  1215 | D:2      | Gained mutation: You are partially covered in icy blue scales. (AC +2) [mutagenic meat]
  1216 | D:2      | Gained mutation: Your system is resistant to poisons. (rPois) [mutagenic meat]
  1310 | D:2      | Reached skill level 1 in Dodging
  1426 | D:2      | Found a runed door.
  1925 | D:2      | Reached skill level 3 in Armour
  1979 | D:2      | Reached XP level 5. HP: 43/44 MP: 5/5
  1984 | D:2      | You fall through a shaft for 2 floors!
  1997 | D:4      | XOM: harmless Necr miscast
  2079 | D:4      | Noticed a phantom
  2089 | D:4      | XOM: enchant monster (bad)
  2090 | D:4      | XOM: enchant monster (bad)
  2092 | D:5      | Entered Level 5 of the Dungeon
  2110 | D:5      | Found Duus's Food Shoppe.
  2126 | D:5      | Reached skill level 4 in Armour
  2133 | D:5      | XOM: summons friendly white imp
  2152 | D:5      | Killed a phantom
  2152 | D:5      | Reached skill level 5 in Armour
  2152 | D:5      | Reached XP level 6. HP: 22/51 MP: 6/6
  2308 | D:5      | XOM: god gift: 17 gold pieces
  2448 | D:5      | Noticed emsyzz's ghost (novice DEFE)
  2462 | D:5      | XOM: noise
  2491 | D:5      | XOM: medium Air miscast
  2495 | D:5      | Reached skill level 6 in Armour
  2545 | D:5      | Found a staircase to the Ecumenical Temple.
  2554 | Temple   | Entered the Ecumenical Temple
  2842 | D:5      | XOM: silly message
  2855 | D:5      | Reached XP level 7. HP: 56/56 MP: 7/7
  2941 | D:5      | XOM: potion effect (might)
  2943 | D:5      | Found a burning altar of Makhleb.
  2978 | D:5      | XOM: give mutation
  2978 | D:5      | Gained mutation: You are mostly covered in icy blue scales. (AC +3) [Xom's mischief]
  3042 | D:4      | Reached skill level 7 in Armour
  3528 | D:4      | You fall through a shaft for 2 floors!
  3727 | D:6      | Noticed Prince Ribbit
  3736 | D:6      | XOM: swap monsters
  3758 | D:6      | XOM: harmless Hex miscast
  3928 | D:6      | Reached skill level 8 in Armour
  3963 | D:6      | XOM: summons 3 hostile demons
  3967 | D:6      | XOM: harmless Ice miscast
  3976 | D:5      | XOM: enchant monster (good)
  3981 | D:5      | XOM: blink monster(s)
  3982 | D:5      | XOM: give mutations
  3982 | D:5      | Lost mutation: Your system is resistant to poisons. (rPois) [Xom's mischief]
  3982 | D:5      | Gained mutation: You do not regenerate when monsters are visible. [Xom's mischief]
  3984 | D:5      | HP: 1/56 [Prince Ribbit (5)]
  3990 | D:5      | Noticed Prince Ribbit
  3990 | D:5      | Prince Ribbit changed into Prince Ribbit the shapeshifter
  3990 | D:5      | XOM: polymorph Prince Ribbit -> Prince Ribbit the shapeshifter
  3991 | D:5      | Noticed Prince Ribbit
  3991 | D:5      | Prince Ribbit the shapeshifter changed into Prince Ribbit the hog
  4001 | D:5      | Noticed Prince Ribbit
  4008 | D:5      | XOM: give mutations
  4008 | D:5      | Gained mutation: Your flesh is cold resistant. (rC+) [Xom's mischief]
  4008 | D:5      | Lost mutation: Your flesh is cold resistant. (rC+) [Xom's mischief]
  4008 | D:5      | Gained mutation: Your body sometimes deteriorates upon taking damage. [Xom's mischief]
  4009 | D:4      | XOM: silly message
  4037 | D:4      | HP: 1/56 [orc warrior/short sword (2)]
  4045 | D:4      | Reached XP level 8. HP: 29/62 MP: 8/8
  4066 | D:4      | You fall through a shaft for 3 floors!
  4318 | D:7      | Found Zeulauph's Weapon Shop.
  4326 | D:7      | Bought a +2 glaive of protection for 217 gold pieces
  4337 | D:7      | XOM: swap monsters
  4362 | D:7      | Reached skill level 9 in Armour
  4435 | D:7      | Slain by an orc warrior

Vault maps used:
D:1:      kb_arrival_jail
D:2:      uniq_crazy_yiuf_cottage
D:4:      first_bread, minmay_tree_intersection, hex_large
D:5:      makhleb_blood_cavern_becter, minmay_temple_entry_statues_pillars,
          serial_shops, shop
D:6:      enter_ossuary_3, uniq_prince_ribbit1
D:7:      serial_shops, shop
Temple:   minmay_crystal_snake_temple

Skill      XL: |  1  2  3  4  5  6  7  8 |
---------------+-------------------------+-----
Fighting       | 4 5 |  5.0
Dodging        | 1 |  1.0
Armour         | 3 5 6 8 9 |  9.1
Polearms       | |  3.2

Action                   |  1- 3 |  4- 6 |  7- 9 || total
-------------------------+-------+-------+-------++-------
Melee: Spear             |   110 |   133 |   178 ||   421
       Glaive            |       |       |    43 ||    43
 Fire: Hunting sling     |       |     6 |    10 ||    16
 Abil: Dig               |     4 |    11 |    12 ||    27
       Shaft Self        |     1 |     1 |     2 ||     4
  Use: Potion            |       |     1 |     4 ||     5
 Stab: Confused          |       |     2 |     3 ||     5
       Paralysed         |       |     4 |     3 ||     7
  Eat: Chunk             |     1 |     9 |     6 ||    16
Armor: Leather armour    |    19 |     5 |       ||    24
       Plate armour      |       |    68 |   121 ||   189
Dodge: Dodged            |    53 |    33 |    57 ||   143
